[Event "International chess holiday M21"]
[Site "Praha"]
[Date "2012.07.22"]
[Round "2"]
[White "Dalling, Peter"]
[Black "Aigner, Georg"]
[Result "1/2-1/2"]
[ECO "A45"]
[WhiteElo "1958"]
[BlackElo "2007"]
[Annotator ",Martin"]
[PlyCount "76"]
[TimeControl "240+2"]

1. e4 Nf6 2. Nc3 e6 3. d4 Be7 4. Bd3 Nc6 5. Be3 d6 6. Nf3
Ng4 7. Bd2 e5 8. d5 Nd4 9. Nxd4 exd4 10. Bb5+ Kf8 11. Ne2 Bh4 12. Ng3 Bg5 13.
Bxg5 Qxg5 14. Qxd4 c6 15. Be2 c5 16. Qd1 Nf6 17. Qd2 Qe5 18. c3 Nxe4 19. Nxe4
Qxe4 20. O-O Bd7 21. Bf3 Qh4 22. g3 Qf6 23. Bg2 Re8 24. Rfe1 g6 25. Qh6+ Qg7
26. Qf4 Re5 27. Qd2 Rxe1+ 28. Rxe1 Qf6 29. Qh6+ Kg8 30. Bh3 Qd8 31. Bxd7 Qxd7
32. Re4 f5 33. Re6 Kf7 34. Qh4 Qd8 35. Qf4 Re8 36. Qh6 Kg8 37. Qe3 Rxe6 38.
Qxe6+ Kf8 1/2-1/2

[Event "International chess holiday M21"]
[Site "Praha"]
[Date "2012.07.22"]
[Round "2"]
[White "Staffan, Thomasson"]
[Black "Nilsson, Anders"]
[Result "0-1"]
[ECO "A38"]
[WhiteElo "1931"]
[BlackElo "2194"]
[Annotator ",Martin"]
[PlyCount "70"]
[TimeControl "240+2"]

1. c4 g6 2. Nf3 c5 3. Nc3 Bg7 4. g3 d6 5. d3 Nc6 6. Bg2
Nf6 7. O-O O-O 8. Bg5 h6 9. Bd2 Bd7 10. h3 Rb8 11. Rb1 a6 12. a4 Ne8 13. Ne1
Nc7 14. Nc2 b5 15. axb5 axb5 16. Nxb5 Nxb5 17. cxb5 Rxb5 18. b4 Qc8 19. bxc5
Rxc5 20. Kh2 Bxh3 21. e3 Rh5 22. Qxh5 Bxg2 23. Qh4 Bf6 24. Qxh6 Bxf1 25. Rxf1
Ne5 26. Kg2 Qxc2 27. Rh1 Rd8 28. e4 Qxd3 29. Bg5 Qxe4+ 30. Kf1 Qd3+ 31. Kg2
Qe4+ 32. Kf1 Ra8 33. Bc1 Ra1 34. Qh7+ Kf8 35. Qh6+ Ke8 0-1

[Event "International chess holiday M21"]
[Site "Praha"]
[Date "2012.07.22"]
[Round "2"]
[White "Moravec, Vít"]
[Black "Powierski, Emil"]
[Result "0-1"]
[ECO "B19"]
[WhiteElo "2141"]
[BlackElo "2136"]
[Annotator ",Martin"]
[PlyCount "66"]
[TimeControl "240+2"]

1. e4 c6 2. d4 d5 3. Nc3 dxe4 4. Nxe4 Bf5 5. Ng3 Bg6 6.
Nf3 Nd7 7. h4 h6 8. h5 Bh7 9. Bd3 Bxd3 10. Qxd3 e6 11. Bd2 Ngf6 12. O-O-O Be7
13. Qe2 c5 14. dxc5 Qc7 15. Bc3 O-O 16. Ne5 Nxe5 17. Bxe5 Qxc5 18. Kb1 Rfd8 19.
f4 Qc6 20. Bxf6 Bxf6 21. Ne4 Be7 22. g4 Rxd1+ 23. Rxd1 Rd8 24. Rxd8+ Bxd8 25.
c3 Qd5 26. c4 Qd4 27. f5 exf5 28. gxf5 Bc7 29. Nd2 Qe5 30. Qf3 Qf4 31. Qd5 Be5
32. Nf3 Qxf5+ 33. Ka1 Qc2 0-1

[Event "International chess holiday M21"]
[Site "Praha"]
[Date "2012.07.22"]
[Round "2"]
[White "Hanko, Pavel"]
[Black "Michálek, František"]
[Result "0-1"]
[ECO "A90"]
[WhiteElo "2169"]
[BlackElo "2071"]
[Annotator ",Martin"]
[PlyCount "74"]
[TimeControl "240+2"]

1. d4 d5 2. Nf3 e6 3. c4 c6 4. Nc3 f5 5. g3 Nd7 6. Bg2
Ngf6 7. O-O Bd6 8. Ng5 Qe7 9. f3 h6 10. Nh3 O-O 11. Nf4 Bxf4 12. Bxf4 dxc4 13.
e4 e5 14. dxe5 Nxe5 15. Qd4 Nf7 16. exf5 Bxf5 17. Rfe1 Qb4 18. Qf2 Rfe8 19. Ne4
Nd5 20. a3 Qb6 21. Bd2 Qxb2 22. Rab1 Qxa3 23. Rxb7 Reb8 24. Bc1 Qf8 25. Rxa7
Ne5 26. Rxa8 Rxa8 27. Qd4 Nd3 28. Rf1 Qb4 29. Bd2 Qb2 30. Qxb2 Nxb2 31. g4 Be6
32. Rc1 Nd3 33. Rc2 Ra1+ 34. Bf1 N5f4 35. Bxf4 Nxf4 36. Rc3 Nd5 37. Rc2 Rxf1+
0-1

[Event "International chess holiday M21"]
[Site "Praha"]
[Date "2012.07.22"]
[Round "2"]
[White "Gregor, Jiøí"]
[Black "Knechtel, Roland"]
[Result "1/2-1/2"]
[ECO "A42"]
[WhiteElo "2281"]
[BlackElo "2189"]
[Annotator ",Martin"]
[PlyCount "97"]
[TimeControl "240+2"]

1. d4 g6 2. c4 Bg7 3. Nc3 d6 4. e4 e5 5. d5 f5 6. Bd3 Nf6
7. f3 O-O 8. Be3 Na6 9. h3 f4 10. Bf2 Nh5 11. Nge2 Qg5 12. Rg1 Bd7 13. Qd2 Qe7
14. O-O-O Nc5 15. Bc2 a5 16. b3 Rfb8 17. Bxc5 dxc5 18. d6 Qxd6 19. Qxd6 cxd6
20. Rxd6 Bc6 21. Rgd1 Kf7 22. Nb5 Bf8 23. R6d3 Ng7 24. Nc7 Ra7 25. Nc3 b6 26.
N3b5 Rab7 27. Rd8 Ne6 28. Nxe6 Kxe6 29. Rxf8 Rxf8 30. Rd6+ Ke7 31. Rxc6 Rf6 32.
Rc8 Rf8 33. Rc7+ Rxc7 34. Nxc7 Rb8 35. Nd5+ Kf7 36. Kd2 g5 37. a3 Kg6 38. Kc3
Kh5 39. Ne7 Re8 40. Nf5 Rd8 41. b4 cxb4+ 42. axb4 axb4+ 43. Kxb4 Rd2 44. Ba4
Kg6 45. Ne7+ Kf7 46. Nd5 Rb2+ 47. Bb3 Ke8 neèitelné 1/2-1/2

[Event "International chess holiday K21"]
[Site "Praha"]
[Date "2012.07.22"]
[Round "2"]
[White "Schoenmakers, Nico"]
[Black "Krupièka, Josef"]
[Result "1-0"]
[ECO "B12"]
[WhiteElo "1916"]
[BlackElo "1879"]
[Annotator ",Martin"]
[PlyCount "67"]
[TimeControl "240+2"]

1. e4 c6 2. d4 d5 3. e5 Bf5 4. c3 e6 5. Bd3 Bg6 6. Bxg6
hxg6 7. Nd2 c5 8. a3 Nc6 9. Ndf3 Qb6 10. Ne2 Nge7 11. O-O Nf5 12. b4 cxd4 13.
cxd4 Be7 14. Be3 O-O 15. Qd3 Rac8 16. Rac1 a6 17. Nc3 Qd8 18. Na4 g5 19. h3 g6
20. Rfd1 Kg7 21. Nc5 Bxc5 22. Rxc5 Nxe3 23. Qxe3 g4 24. hxg4 Rh8 25. Qg5 a5 26.
Qxd8 Rhxd8 27. Rdc1 axb4 28. axb4 Ra8 29. b5 Na5 30. Rc7 b6 31. Ng5 Nb3 32. Rd1
Kg8 33. Nxf7 Rf8 34. Ng5 1-0

[Event "International chess holiday K21"]
[Site "Praha"]
[Date "2012.07.22"]
[Round "2"]
[White "Taylor, Robert"]
[Black "Derfinak, Patrik"]
[Result "1-0"]
[ECO "B14"]
[WhiteElo "1950"]
[BlackElo "1992"]
[Annotator ",Martin"]
[PlyCount "71"]
[TimeControl "240+2"]

1. e4 c6 2. d4 d5 3. exd5 cxd5 4. c4 Nf6 5. Nc3 e6 6. Nf3
Be7 7. c5 Nc6 8. Bd3 O-O 9. O-O b6 10. Bb5 Bb7 11. Qa4 Qc8 12. b4 a6 13. Bd3
Qc7 14. Bg5 b5 15. Qb3 Rfe8 16. Rad1 Nd7 17. Bxe7 Nxe7 18. Rfe1 Nf6 19. Bb1 Ng6
20. Ne5 Nd7 21. Nxd7 Qxd7 22. a4 Bc6 23. a5 Rad8 24. Qc2 Qc7 25. Qe2 Qf4 26.
Bxg6 hxg6 27. g3 Qc7 28. f4 Qb8 29. Nb1 Qc7 30. Nd2 Rc8 31. Nf3 f6 32. Qc2 Qf7
33. Re3 Re7 34. Rde1 Rce8 35. Nh4 Kh7 36. Qe2 neèitelné 1-0

[Event "International chess holiday K21"]
[Site "Praha"]
[Date "2012.07.22"]
[Round "2"]
[White "Schimmer, Michael"]
[Black "Pokorný, Jan"]
[Result "0-1"]
[ECO "B09"]
[WhiteElo "1884"]
[BlackElo "1814"]
[Annotator ",Martin"]
[PlyCount "37"]
[TimeControl "240+2"]

1. e4 d6 2. d4 g6 3. Nc3 Bg7 4. f4 Nf6 5. Nf3 Bg4 6. Bd3
O-O 7. O-O a6 8. a4 Nbd7 9. h3 Bxf3 10. Qxf3 c5 11. d5 Rc8 12. Qe2 Qb6 13. Kh2
Qc7 14. Bc4 Nb6 15. a5 Nxc4 16. Qxc4 Rfe8 17. e5 dxe5 18. f5 Qd6 19. Nd1 neèitelné 0-1

[Event "International chess holiday K21"]
[Site "Praha"]
[Date "2012.07.22"]
[Round "2"]
[White "Powierski, Christian"]
[Black "Koper, Stefan"]
[Result "1/2-1/2"]
[ECO "A40"]
[WhiteElo "1953"]
[BlackElo "1960"]
[Annotator ",Martin"]
[PlyCount "76"]
[TimeControl "240+2"]

1. d4 c6 2. Nf3 g6 3. Bf4 Bg7 4. c3 d5 5. Nbd2 Nf6 6. h3
Na6 7. e3 Nc7 8. Bd3 Ne6 9. Bh2 O-O 10. O-O b6 11. Ne5 Bb7 12. f4 c5 13. Rc1 c4
14. Bb1 b5 15. g4 Nd7 16. Qe2 Nxe5 17. fxe5 Qb6 18. Nf3 a5 19. h4 b4 20. Bf4 a4
21. h5 a3 22. hxg6 fxg6 23. Ng5 b3 24. bxa3 Rxa3 25. axb3 cxb3 26. c4 Nxf4 27.
exf4 Qxd4+ 28. Kh2 Rxf4 29. Ne6 Qxe5 30. Nxf4 g5 31. Rce1 Qxe2+ 32. Nxe2 dxc4
33. Ng3 Bf8 34. Ne4 h6 35. Nc5 Bd5 36. Nd7 Bg7 37. Rxe7 Kh8 38. Nf8 Ra2+
1/2-1/2

[Event "International chess holiday K22"]
[Site "Praha"]
[Date "2012.07.22"]
[Round "2"]
[White "Borries, Barbara"]
[Black "Hánl, František"]
[Result "0-1"]
[ECO "C06"]
[WhiteElo "1647"]
[BlackElo "1892"]
[Annotator ",Martin"]
[PlyCount "54"]
[TimeControl "240+2"]

1. e4 e6 2. d4 d5 3. Nd2 Nf6 4. e5 Nfd7 5. Bd3 c5 6. c3
Nc6 7. Ne2 Qb6 8. Nf3 cxd4 9. cxd4 f6 10. exf6 Nxf6 11. a3 Bd6 12. O-O O-O 13.
Re1 e5 14. dxe5 Nxe5 15. Nxe5 Bxe5 16. Qc2 Bxh2+ 17. Kxh2 Ng4+ 18. Kh1 Nxf2+
19. Kh2 Ng4+ 20. Kh1 Qf2 21. Bxh7+ Kh8 22. Bg5 Bf5 23. Bxf5 Rxf5 24. Qd2 Raf8
25. Rac1 R8f6 26. Rc8+ Kh7 27. Qd3 Qxe1+ 0-1

[Event "International chess holiday K22"]
[Site "Praha"]
[Date "2012.07.22"]
[Round "2"]
[White "Wolf, Urlich"]
[Black "Franìk, Jan"]
[Result "1/2-1/2"]
[ECO "E90"]
[WhiteElo "2056"]
[BlackElo "1965"]
[Annotator ",Martin"]
[PlyCount "31"]
[TimeControl "240+2"]

1. Nf3 Nf6 2. c4 g6 3. Nc3 Bg7 4. e4 d6
5. h3 O-O 6. d4 e5 7. dxe5 dxe5 8. Qxd8 Rxd8 9. Bg5 Re8 10. O-O-O Bd7 11. Bd3
Bc6 12. Rhe1 Nbd7 13. Be3 Bf8 14. Ng1 Nc5 15. f3 Na4 16. Nxa4 1/2-1/2

[Event "International chess holiday K22"]
[Site "Praha"]
[Date "2012.07.22"]
[Round "2"]
[White "Èisárik, Pavol"]
[Black "Krischke, Arnold"]
[Result "0-1"]
[ECO "B12"]
[WhiteElo "1728"]
[BlackElo "2039"]
[Annotator ",Martin"]
[PlyCount "68"]
[TimeControl "240+2"]

1. e4 c6 2. d4 d5 3. e5 Bf5 4. Nc3 e6 5. Be2 c5 6. Be3
cxd4 7. Bxd4 Nc6 8. Bb5 Bb4 9. Nge2 Nge7 10. O-O O-O 11. Na4 Qc7 12. c3 Ba5 13.
b4 Bb6 14. Nxb6 axb6 15. f4 Nxd4 16. cxd4 Rfc8 17. Ng3 Qc3 18. Rf3 Qxb4 19. Rb3
Qa5 20. Nxf5 Nxf5 21. g4 Ne7 22. f5 Rc3 23. fxe6 fxe6 24. Bd7 Rxb3 25. Bxe6+
Kh8 26. Qxb3 Qd2 27. Qxb6 Qe3+ 28. Kg2 Rf8 29. Bf5 Nxf5 30. gxf5 Rc8 31. Kh1 h5
32. Qe6 Qe4+ 33. Kg1 Qxd4+ 34. Kg2 Rc2+ 0-1

[Event "International chess holiday K22"]
[Site "Praha"]
[Date "2012.07.22"]
[Round "2"]
[White "Lakovic, Igor"]
[Black "Bílek, Roman"]
[Result "0-1"]
[ECO "D07"]
[WhiteElo "1936"]
[BlackElo "1972"]
[Annotator ",Martin"]
[PlyCount "62"]
[TimeControl "240+2"]

1. d4 d5 2. c4 Nc6 3. Nc3 Nf6 4. Bg5 Ne4 5. Nxe4 dxe4 6.
e3 h6 7. Bh4 Qd6 8. a3 e5 9. d5 Ne7 10. Ne2 Nf5 11. Bg3 Be7 12. Nc3 Nxg3 13.
hxg3 Bf5 14. Qc2 O-O 15. Be2 Qg6 16. O-O h5 17. Rfd1 a6 18. b4 Rad8 19. c5 h4
20. gxh4 Bxh4 21. Rd2 Be7 22. Rad1 Rfe8 23. Na4 Bh3 24. Bf1 f5 25. Nc3 Bg4 26.
Be2 Bf3 27. Bxf3 exf3 28. g3 Qh5 29. Qd3 Kf7 30. d6 Rh8 31. Qd5+ Ke8 0-1

[Event "International chess holiday K22"]
[Site "Praha"]
[Date "2012.07.22"]
[Round "2"]
[White "Vítek, Jan"]
[Black "Bouèek, Vlastimil"]
[Result "1-0"]
[ECO "B05"]
[WhiteElo "1970"]
[BlackElo "2008"]
[Annotator ",Martin"]
[PlyCount "92"]
[TimeControl "240+2"]

1. e4 Nf6 2. e5 Nd5 3. d4 d6 4. Nf3 Bg4 5. Be2 e6 6. exd6
cxd6 7. O-O Be7 8. b3 O-O 9. c4 Nb6 10. Nc3 d5 11. c5 Nc8 12. Bf4 Bf6 13. Ne5
Bxe2 14. Qxe2 Nc6 15. Nxc6 bxc6 16. Be5 Re8 17. f4 Be7 18. f5 f6 19. Bg3 e5 20.
Rae1 e4 21. b4 a6 22. a4 Qd7 23. b5 axb5 24. axb5 cxb5 25. Nxb5 Bd8 26. Rb1 Ne7
27. Nd6 Rf8 28. Rb7 Qa4 29. Qb2 Nc6 30. Bf2 Be7 31. Nb5 Rfd8 32. Nc3 Qc4 33.
Qd2 Rab8 34. Rfb1 Rxb7 35. Rxb7 Ra8 36. Qb2 Bf8 37. h3 Rd8 38. Ne2 Qd3 39. Rb3
Qd1+ 40. Kh2 Na5 41. Rc3 Nc4 42. Qc2 Qxc2 43. Rxc2 g6 44. g4 gxf5 45. gxf5 Bh6
46. Ng3 Bf4 neèitelné 1-0

[Event "International chess holiday M21"]
[Site "Praha"]
[Date "2012.07.23"]
[Round "3"]
[White "Aigner, Georg"]
[Black "Gregor, Jiøí"]
[Result "0-1"]
[ECO "B18"]
[WhiteElo "2007"]
[BlackElo "2281"]
[Annotator ",Martin"]
[PlyCount "36"]
[TimeControl "240+2"]

1. e4 c6 2. d4 d5 3. Nd2 dxe4 4. Nxe4 Bf5 5. Ng3 Bg6 6.
Nf3 Nd7 7. Bd3 e6 8. O-O Ngf6 9. Re1 Qc7 10. h3 O-O-O 11. Bxg6 hxg6 12. Qe2 c5
13. Bg5 cxd4 14. Nxd4 Bc5 15. Rad1 a6 16. Nb3 Qxg3 17. Bxf6 Rxh3 18. Be5 Rdh8
0-1

[Event "International chess holiday M21"]
[Site "Praha"]
[Date "2012.07.23"]
[Round "3"]
[White "Michálek, František"]
[Black "Moravec, Vít"]
[Result "1/2-1/2"]
[ECO "B08"]
[WhiteElo "2071"]
[BlackElo "2141"]
[Annotator ",Martin"]
[PlyCount "54"]
[TimeControl "240+2"]

1. e4 d6 2. d4 Nf6 3. Nc3 g6 4. Nf3 Bg7 5. h3 c6 6. a4 O-O
7. a5 Nbd7 8. Be2 e5 9. O-O Qc7 10. Bg5 h6 11. Be3 Re8 12. dxe5 dxe5 13. Qd2
Kh7 14. Bc4 Nf8 15. Bc5 Rd8 16. Qe3 Ne6 17. Bxe6 Bxe6 18. Bxa7 Re8 19. Bb6 Qc8
20. Kh2 Nh5 21. Rfd1 Nf4 22. Ng1 h5 23. Qc5 g5 24. Nce2 Ng6 25. Ng3 Nf4 26.
N3e2 Ng6 27. Ng3 Nf4 1/2-1/2

[Event "International chess holiday M21"]
[Site "Praha"]
[Date "2012.07.23"]
[Round "3"]
[White "Knechtel, Roland"]
[Black "Thomasson, Staffan"]
[Result "1-0"]
[ECO "A31"]
[WhiteElo "2189"]
[BlackElo "1931"]
[Annotator ",Martin"]
[PlyCount "63"]
[TimeControl "240+2"]

1. d4 g6 2. c4 Bg7 3. Nf3 c5 4. Nc3 cxd4 5. Nxd4 Nf6 6. e4
O-O 7. Be3 b6 8. Be2 Bb7 9. f3 d6 10. Qd2 Re8 11. O-O Nbd7 12. Rfd1 a6 13. Rac1
Rc8 14. Bf1 Ne5 15. b3 Nfd7 16. a3 Nf6 17. Qf2 Nfd7 18. b4 e6 19. Nb3 Rc6 20.
Nd4 Rc8 21. Na4 Bf8 22. Nb3 d5 23. Nxb6 Nxb6 24. Bxb6 Qd7 25. Nc5 Bxc5 26. Bxc5
Qa4 27. exd5 exd5 28. Qb2 Nd7 29. cxd5 Re5 30. Bc4 Ba8 31. Bd4 Rf5 32. Bb3 1-0

[Event "International chess holiday M21"]
[Site "Praha"]
[Date "2012.07.23"]
[Round "3"]
[White "Powierski, Emil"]
[Black "Dalling, Peter"]
[Result "1-0"]
[ECO "C42"]
[WhiteElo "2136"]
[BlackElo "1958"]
[Annotator ",Martin"]
[PlyCount "73"]
[TimeControl "240+2"]

1. e4 e5 2. Nf3 Nf6 3. Nxe5 Nc6 4. Nxc6 dxc6 5. d3 Bc5 6.
Be2 Be6 7. c3 Qe7 8. d4 O-O-O 9. Nd2 Bb6 10. O-O h5 11. Qc2 Ng4 12. Nc4 Bxc4
13. Bxc4 Qh4 14. Bf4 Qe7 15. Kh1 g5 16. Bc1 c5 17. d5 c6 18. dxc6 bxc6 19. f3
Qc7 20. fxg4 hxg4 21. e5 Qxe5 22. Qf5+ Qxf5 23. Rxf5 Rd1+ 24. Rf1 Rxf1+ 25.
Bxf1 Bc7 26. Bd3 Bxh2 27. Bf5+ Kb7 28. Bxg4 Bg3+ 29. Kg1 Rh4 30. Bf5 f6 31. Be3
Bh2+ 32. Kf2 Be5 33. Rd1 Kb6 34. a3 a5 35. Kf3 a4 36. g3 Rh2 37. Bf2 1-0

[Event "International chess holiday M21"]
[Site "Praha"]
[Date "2012.07.23"]
[Round "3"]
[White "Nilsson, Anders"]
[Black "Hanko, Pavel"]
[Result "0-1"]
[ECO "E70"]
[WhiteElo "2194"]
[BlackElo "2169"]
[Annotator ",Martin"]
[PlyCount "84"]
[TimeControl "240+2"]

1. d4 Nf6 2. c4 g6 3. Nc3 Bg7 4. e4 d6 5. Nge2 O-O 6. Ng3
e5 7. d5 a5 8. Be2 Na6 9. h4 Nc5 10. h5 c6 11. Bg5 Qe8 12. Qd2 Bd7 13. Bh6 Qe7
14. O-O-O cxd5 15. Nxd5 Nxd5 16. cxd5 Rfc8 17. Kb1 Ba4 18. Rc1 Be8 19. Rc3 Bd7
20. Bg5 Bf6 21. Bxf6 Qxf6 22. Rf3 Qg7 23. hxg6 fxg6 24. Rh4 Rf8 25. Qg5 Rxf3
26. Bxf3 Rf8 27. Qd2 b6 28. Rh1 Bb5 29. Rh3 Rf4 30. Nf5 gxf5 31. Rg3 Rg4 32.
Bxg4 fxg4 33. Qd1 h5 34. f3 Bd7 35. fxg4 Bxg4 36. Qe1 Qg5 37. Rc3 Qf4 38. Ka1
Nxe4 39. g3 Qf5 40. Rc7 Nxg3 41. Rc1 Ne2 42. Rd1 Nd4 0-1

[Event "International chess holiday K21"]
[Site "Praha"]
[Date "2012.07.23"]
[Round "3"]
[White "Pokorný, Jan"]
[Black "Taylor, Robert"]
[Result "1/2-1/2"]
[ECO "A13"]
[WhiteElo "1814"]
[BlackElo "1950"]
[Annotator ",Martin"]
[PlyCount "23"]
[TimeControl "240+2"]

1. Nf3 Nf6 2. b3 d5 3. Bb2 e6 4. e3 Be7 5. c4 O-O 6. d4
Nbd7 7. cxd5 exd5 8. Bd3 Re8 9. O-O Bd6 10. Ba3 Qe7 11. Bxd6 Qxd6 12. Bf5
1/2-1/2

[Event "International chess holiday K21"]
[Site "Praha"]
[Date "2012.07.23"]
[Round "3"]
[White "Koper, Stefan"]
[Black "Schimmer, Michael"]
[Result "1/2-1/2"]
[ECO "A70"]
[WhiteElo "1960"]
[BlackElo "1884"]
[Annotator ",Martin"]
[PlyCount "65"]
[TimeControl "240+2"]

1. d4 Nf6 2. c4 c5 3. d5 e6 4. Nc3 exd5 5. cxd5 d6 6. Nf3
g6 7. Bf4 Bg7 8. e4 O-O 9. Bd3 Bg4 10. O-O a6 11. a4 Qe7 12. h3 Bxf3 13. Qxf3
Nbd7 14. Qg3 Ne8 15. Ra3 Ne5 16. Be2 Nc7 17. Rb3 Rab8 18. a5 Qd7 19. Ra1 f5 20.
exf5 Qxf5 21. Be3 Qc2 22. Bd1 Qf5 23. Rb6 Nc4 24. Bg4 Qf7 25. Rb3 Nxe3 26. Qxe3
Bd4 27. Qd3 Nxd5 28. Nxd5 Qxd5 29. Bf3 Qf7 30. Rb6 d5 31. Rd1 Rbd8 32. b4 Kh8
33. Qb1 1/2-1/2

[Event "International chess holiday K21"]
[Site "Praha"]
[Date "2012.07.23"]
[Round "3"]
[White "Krupièka, Josef"]
[Black "Powiersk, Christian"]
[Result "1/2-1/2"]
[ECO "D02"]
[WhiteElo "1879"]
[BlackElo "1953"]
[Annotator ",Martin"]
[PlyCount "40"]
[TimeControl "240+2"]

1. d4 Nf6 2. Nf3 d5 3. Bf4 c5 4. e3 Nc6
5. c3 Qb6 6. Qc1 Bf5 7. Nbd2 e6 8. h3 Be7 9. Be2 h6 10. O-O O-O 11. dxc5 Bxc5
12. b4 Be7 13. Qb2 Rae8 14. a3 Nd7 15. Qa2 Bf6 16. Rac1 Nde5 17. c4 Nd3 18.
Bxd3 Bxd3 19. Rfd1 Be2 20. Re1 Bxc4 1/2-1/2

[Event "International chess holiday K21"]
[Site "Praha"]
[Date "2012.07.23"]
[Round "3"]
[White "Derfiòák, Patrik"]
[Black "Hadžala, Daniel"]
[Result "1-0"]
[ECO "C02"]
[WhiteElo "1992"]
[BlackElo "2126"]
[Annotator ",Martin"]
[PlyCount "107"]
[TimeControl "240+2"]

1. e4 e6 2. d4 d5 3. Bd3 Nf6 4. e5 Nfd7 5. Nf3 c5 6. c3
Nc6 7. O-O Be7 8. Be3 cxd4 9. cxd4 Nb6 10. Nc3 Bd7 11. Ne2 Nb4 12. Bb1 Bb5 13.
a3 Nc6 14. b3 a5 15. Re1 Bxe2 16. Qxe2 a4 17. b4 Nc4 18. Bc1 Na7 19. Qd3 Nc8
20. g3 h6 21. Nd2 b5 22. f4 g6 23. Nf3 Qb6 24. g4 h5 25. h3 hxg4 26. hxg4 Na7
27. Ra2 Kd7 28. Rh2 Rxh2 29. Kxh2 Nc6 30. Kg2 Rh8 31. Rh1 Rxh1 32. Kxh1 Qa7 33.
f5 gxf5 34. gxf5 Qa8 35. f6 Qh8+ 36. Kg2 Bf8 37. Qh7 Qxh7 38. Bxh7 Bxb4 39.
axb4 a3 40. Nd2 Nxb4 41. Nxc4 dxc4 42. Bxa3 Na6 43. Kf2 b4 44. Bc1 Kc6 45. Bg8
c3 46. Ke3 b3 47. Kd3 b2 48. Bxb2 cxb2 49. Kc2 Nc7 50. Bxf7 Kd7 51. Kxb2 Nb5
52. Bg6 Nxd4 53. Be4 Nb5 54. Bc6+ 1-0

[Event "International chess holiday K22"]
[Site "Praha"]
[Date "2012.07.23"]
[Round "3"]
[White "Hánl, František"]
[Black "Wolf, Ulrich"]
[Result "1/2-1/2"]
[ECO "A30"]
[WhiteElo "1911"]
[BlackElo "2056"]
[Annotator ",Martin"]
[PlyCount "29"]
[TimeControl "240+2"]

1. Nf3 c5 2. c4 b6 3. e3 Bb7 4. d4 cxd4 5. exd4 e6 6. Nc3
d6 7. Be2 Nf6 8. O-O Be7 9. d5 e5 10. Nd2 O-O 11. f4 exf4 12. Rxf4 Nbd7 13.
Nde4 Rc8 14. Be3 Nc5 15. Bxc5 1/2-1/2

[Event "International chess holiday K22"]
[Site "Praha"]
[Date "2012.07.23"]
[Round "3"]
[White "Krischke, Arnold"]
[Black "Vítek , Jan"]
[Result "1-0"]
[ECO "D35"]
[WhiteElo "2039"]
[BlackElo "1970"]
[Annotator ",Martin"]
[PlyCount "51"]
[TimeControl "240+2"]

1. c4 e6 2. Nf3 Nf6 3. Nc3 d5 4. cxd5 exd5 5. d4 c6 6. Qc2
Bg4 7. Ne5 Bh5 8. Bg5 Bb4 9. e3 Nbd7 10. Nxd7 Qxd7 11. Bxf6 gxf6 12. Bd3 Bg6
13. O-O Rg8 14. Kh1 Qg4 15. Rg1 Bd6 16. f4 h5 17. Raf1 Kd7 18. Rf3 h4 19. h3
Qh5 20. f5 Bh7 21. e4 Rg3 22. Rxg3 Bxg3 23. exd5 cxd5 24. Nxd5 Qg5 25. Bb5+ Kd6
26. Qc5# 1-0

[Event "International chess holiday K22"]
[Site "Praha"]
[Date "2012.07.23"]
[Round "3"]
[White "Franìk, Jan"]
[Black "Lakoviè, Igor"]
[Result "1/2-1/2"]
[ECO "C45"]
[WhiteElo "1965"]
[BlackElo "1936"]
[Annotator ",Martin"]
[PlyCount "30"]
[TimeControl "240+2"]

1. e4 e5 2. Nf3 Nc6 3. d4 exd4 4. Nxd4 Nf6 5. Nxc6 bxc6 6.
e5 Qe7 7. Qe2 Nd5 8. c4 Nb6 9. Nc3 Qe6 10. b3 a5 11. Bd2 a4 12. Rb1 axb3 13.
axb3 Bb4 14. Qe4 d5 15. exd6 cxd6 1/2-1/2

[Event "International chess holiday K22"]
[Site "Praha"]
[Date "2012.07.23"]
[Round "3"]
[White "Bouèek, Vlastimil"]
[Black "Borries, Barbara"]
[Result "1-0"]
[ECO "C37"]
[WhiteElo "2008"]
[BlackElo "1647"]
[Annotator ",Martin"]
[PlyCount "61"]
[TimeControl "240+2"]

1. e4 e5 2. f4 exf4 3. Nf3 g5 4. Bc4 d6 5. h4 Be6 6. Bxe6
fxe6 7. Nxg5 Nf6 8. d4 h6 9. Nxe6 Qe7 10. d5 Na6 11. Nc3 Nc5 12. Nxc5 dxc5 13.
Qf3 O-O-O 14. O-O Qd7 15. Bxf4 a6 16. Be5 Ng4 17. Bxh8 Be7 18. Bg7 Bxh4 19. Qf5
Qxf5 20. Rxf5 Ne3 21. Rf8 Bg5 22. Rxd8+ Kxd8 23. e5 Nxc2 24. Rf1 Ne3 25. Bf6+
Kd7 26. Rf3 Ng4 27. Bxg5 hxg5 28. Rf7+ Ke8 29. e6 Kd8 30. Ne4 Ne3 31. Nxg5 1-0

[Event "International chess holiday K22"]
[Site "Praha"]
[Date "2012.07.23"]
[Round "3"]
[White "Bílek, Roman"]
[Black "Èisárik, Pavol"]
[Result "1-0"]
[ECO "C45"]
[WhiteElo "1972"]
[BlackElo "1728"]
[Annotator ",Martin"]
[PlyCount "88"]
[TimeControl "240+2"]

1. e4 e5 2. Nf3 Nc6 3. d4 exd4 4. Nxd4 Nf6 5. Nxc6 bxc6 6.
e5 Qe7 7. Qe2 Nd5 8. c4 Ba6 9. b3 g6 10. Nd2 Bg7 11. Bb2 O-O 12. O-O-O Rfe8 13.
Nf3 d6 14. Qd2 Nb6 15. exd6 Bxb2+ 16. Kxb2 cxd6 17. Qxd6 Qe4 18. Rd4 Qf5 19.
Bd3 Qa5 20. Qa3 Qxa3+ 21. Kxa3 c5 22. Re4 Bb7 23. Rxe8+ Rxe8 24. Re1 Kf8 25.
Rxe8+ Kxe8 26. Ng5 Bxg2 27. Nxh7 Ke7 28. f4 f5 29. Ng5 Nd7 30. Nh7 Nb8 31. Ka4
Nc6 32. Ng5 Kd6 33. h4 Nd4 34. Nf7+ Ke6 35. Ne5 Be4 36. Ka5 Kd6 37. Bxe4 fxe4
38. Nxg6 e3 39. Ne5 e2 40. Nd3 Nf5 41. h5 Ke7 42. a3 Nd4 43. b4 Nb3+ 44. Ka6
Nd2 1-0

[Event "International chess holiday M21"]
[Site "Praha"]
[Date "2012.07.24"]
[Round "4"]
[White "Knechtel, Roland"]
[Black "Aigner, Georg"]
[Result "1-0"]
[ECO "E48"]
[WhiteElo "2189"]
[BlackElo "2007"]
[Annotator ",Martin"]
[PlyCount "55"]
[TimeControl "240+2"]

1. d4 e6 2. c4 Bb4+ 3. Nc3 Nf6 4. e3 O-O 5. Bd3 d5 6. cxd5
exd5 7. Nge2 Nc6 8. a3 Bd6 9. Nb5 Ne7 10. Qc2 c6 11. Nxd6 Qxd6 12. Bd2 Re8 13.
O-O Ng6 14. f3 Bd7 15. Rae1 Qc7 16. e4 dxe4 17. fxe4 Be6 18. Kh1 Rad8 19. Bg5
Rd7 20. Bxf6 gxf6 21. Rxf6 Bg4 22. Bc4 Bxe2 23. Qxe2 Ree7 24. Ref1 Rxd4 25.
Bxf7+ Kg7 26. Bxg6 hxg6 27. Qg4 Kh8 28. Qxg6 1-0

[Event "International chess holiday M21"]
[Site "Praha"]
[Date "2012.07.24"]
[Round "4"]
[White "Dalling, Peter"]
[Black "Michálek, František"]
[Result "1/2-1/2"]
[ECO "D00"]
[WhiteElo "1958"]
[BlackElo "2071"]
[Annotator ",Martin"]
[PlyCount "49"]
[TimeControl "240+2"]

1. e4 Nf6 2. Nc3 d5 3. d4 dxe4 4. f3 exf3 5. Qxf3 c6 6.
Be3 Bg4 7. Qf2 e6 8. a3 Be7 9. Nf3 Bf5 10. Qd2 Ne4 11. Nxe4 Bxe4 12. Be2 Nd7
13. O-O O-O 14. b4 a5 15. c4 axb4 16. axb4 b6 17. c5 Qc7 18. Bf4 Qb7 19. Ng5
Bxg5 20. Bxg5 Rxa1 21. Rxa1 Ra8 22. Qb2 bxc5 23. Rxa8+ Qxa8 24. dxc5 h6 25. Be3
1/2-1/2

[Event "International chess holiday M21"]
[Site "Praha"]
[Date "2012.07.24"]
[Round "4"]
[White "Moravec, Vít"]
[Black "Nilsson, Anders"]
[Result "1-0"]
[ECO "C02"]
[WhiteElo "2141"]
[BlackElo "2194"]
[Annotator ",Martin"]
[PlyCount "83"]
[TimeControl "240+2"]

1. e4 e6 2. Nf3 d5 3. e5 Qd7 4. d4 b6 5. Bd3 Ba6 6. O-O
Bxd3 7. Qxd3 Nc6 8. a3 f5 9. Nc3 Nge7 10. Ne2 O-O-O 11. Bd2 h6 12. Qa6+ Kb8 13.
b4 Ka8 14. Qd3 Nb8 15. b5 c6 16. a4 a5 17. bxa6 Qc8 18. Rfb1 Ka7 19. Qb3 Qxa6
20. Nf4 Nc8 21. Nxe6 Rd7 22. Nh4 Be7 23. Nxf5 g6 24. a5 b5 25. Nxe7 Nxe7 26.
Nc5 Qc8 27. Nxd7 Qxd7 28. Qb4 Na6 29. Qd6 Qxd6 30. exd6 Nf5 31. Bf4 g5 32. Be5
Rd8 33. c3 g4 34. Re1 Kb7 35. Bf4 b4 36. Re5 Nxd6 37. Re7+ Kc8 38. Bxd6 Rxd6
39. cxb4 Rd7 40. Rxd7 Kxd7 41. Kf1 Kc7 42. Rb1 1-0